 Dungeon Crawl Stone Soup version 0.18-a0-971-g0af6217 (webtiles) character file.

973 George the Slasher (level 7, -5/58 HPs)
             Began as a Centaur Fighter on Jan 2, 2016.
             Was an Initiate of the Shining One.
             Engulfed by a cloud of steam (7 damage)
             ... on level 5 of the Dungeon.
             The game lasted 00:09:17 (4982 turns).

George the Slasher (Centaur Fighter)                Turns: 4982, Time: 00:09:17

Health: -5/58      AC: 11    Str: 21    XL:     7   Next: 94%
Magic:  16/17      EV:  3    Int:  7    God:    the Shining One [......]
Gold:   298        SH:  8    Dex:  8    Spells: 0 memorised, 6 levels left

rFire  . . .     SeeInvis .     a - +0 long sword
rCold  . . .     Gourm    .     v - +0 chain mail
rNeg   . . .     Faith    .     c - +0 shield
rPois  .         Spirit   .     y - +0 helmet
rElec  .         Dismiss  .     I - +0 cloak
rCorr  .         Reflect  .     D - +0 pair of gloves
SustAt .         Harm     .     (no barding)
MR     .....                    (no amulet)
Stlth  ..........               (no ring)
                                k - ring of magical power

@: very quick, not resistant to hostile enchantments, extremely unstealthy
A: hooves 3, deformed body, speed 2, tough skin 3
a: Renounce Religion


You were on level 5 of the Dungeon.
You worshipped the Shining One.
The Shining One was noncommittal.
You were hungry.

You visited 2 branches of the dungeon, and saw 6 of its levels.

You collected 298 gold pieces.

Inventory:

Hand Weapons
 a - a +0 long sword (weapon)
Armour
 c - a +0 shield (worn)
 v - a +0 chain mail (worn)
 y - a +0 helmet (worn)
 D - a +0 pair of gloves (worn)
 I - a +0 cloak (worn)
Jewellery
 k - a ring of magical power (left hand)
 r - an uncursed amulet of dismissal
Wands
 q - a wand of confusion (23/48)
Scrolls
 g - 2 scrolls of enchant weapon {unknown}
 h - 2 scrolls of teleportation {unknown}
 i - a scroll of immolation {unknown}
 j - a scroll of noise {unknown}
 o - 2 scrolls of amnesia {unknown}
 u - 2 scrolls of fear {unknown}
 x - a scroll of random uselessness {unknown}
 E - 3 scrolls of identify {unknown}
 F - a scroll of enchant armour {unknown}
 H - a scroll of recharging {unknown}
 K - a scroll of fog {unknown}
 L - a scroll of remove curse {unknown}
Potions
 d - a potion of might
 l - a potion of cancellation {unknown}
 m - a potion of mutation {unknown}
 p - a potion of heal wounds {unknown}
 t - 2 potions of curing {unknown}
 w - a potion of resistance
 C - a potion of berserk rage {unknown}
 G - a potion of invisibility {unknown}
 N - a potion of lignification {unknown}
Comestibles
 f - 5 bread rations
 n - 3 meat rations
 s - a slice of pizza
 B - 2 beef jerkies


   Skills:
 + Level 3.7 Fighting
 + Level 7.6 Long Blades
 + Level 2.7 Armour
 + Level 2.6 Shields
 + Level 1.9 Invocations


You had 6 spell levels left.
You didn't know any spells.

Dungeon Overview and Level Annotations

Branches:
Dungeon (5/15)             Temple (1/1) D:4

Altars:
Ashenzari
Cheibriados
Elyvilon
Fedhas
Kikubaaqudgha
Makhleb
Nemelex Xobeh
Okawaru
Pakellas
Qazlal
Ru
Sif Muna
Trog
Vehumet
Xom
Yredelemnul
Zin
The Shining One

Shops:
D:2 }


Innate Abilities, Weirdness & Mutations

You have hooves in place of feet.
Armour fits poorly on your strangely shaped body.
You cover ground very quickly.
You have extremely tough skin (AC +3).


Message History

You are engulfed in a cloud of scalding steam.
You block the steam dragon's attack.
The steam dragon claws you but does no damage.
You barely miss the steam dragon. Your kick misses the steam dragon.
The steam dragon is heavily wounded.
You are engulfed in a cloud of scalding steam.
The steam dragon bites you but does no damage.
The steam dragon claws you but does no damage.
You slash the steam dragon!
The steam dragon is almost dead.
The steam dragon bites you. The steam dragon barely misses you.
You closely miss the steam dragon.
The steam dragon is almost dead.
The steam dragon breathes steam at you. The ball of steam hits you!
* * * LOW HITPOINT WARNING * * *
You slash the steam dragon!
You kill the steam dragon!
You are engulfed in a cloud of scalding steam.
You die...

###########
#(........#
#######†##......#
......†.@#P..P.P#
########.#...PP^#
#..##..PPP#
#.###^.P^## #.#
#≈.≈.# #.# #P.P##
#.# #≈.P# #.#
#...# #.# #.§.#


There were no monsters in sight!

Vanquished Creatures
  A steam dragon (D:5)
  2 ice beasts
  A phantom (D:4)
  An ogre (D:4)
  2 scorpions
  2 crimson imps (D:5)
  A hound (D:4)
  An orc priest (D:3)
  2 worker ants (D:4)
  Robin (D:2)
  11 adders
  A gnoll (D:1)
  An ooze (D:5)
  An adder skeleton (D:4)
  A worm (D:3)
  5 orcs
  5 giant cockroaches
  14 goblins
  12 hobgoblins
  4 jackals (D:4)
  3 quokkas (D:2)
  4 ball pythons
  5 bats
  2 giant newts
  8 kobolds
  9 rats
100 creatures vanquished.

Notes
Turn   | Place    | Note
--------------------------------------------------------------
     0 | D:1      | George the Centaur Fighter began the quest for the Orb.
     0 | D:1      | Reached XP level 1. HP: 19/19 MP: 1/1
     6 | D:1      | Noticed an electric eel
   199 | D:1      | Reached XP level 2. HP: 19/26 MP: 2/2
   611 | D:2      | Reached XP level 3. HP: 23/31 MP: 3/3
   811 | D:2      | Found an oddly glowing altar of Pakellas.
   811 | D:2      | Found Pakellas's Prime Provisions.
   962 | D:2      | Reached XP level 4. HP: 19/38 MP: 4/4
  1021 | D:2      | Reached skill level 4 in Long Blades
  1162 | D:2      | Noticed Robin
  1182 | D:2      | Killed Robin
  1675 | D:3      | Reached XP level 5. HP: 30/45 MP: 5/5
  2014 | D:4      | Found a staircase to the Ecumenical Temple.
  2023 | Temple   | Entered the Ecumenical Temple
  2058 | Temple   | Became a worshipper of the Shining One
  2192 | D:4      | Noticed an ogre
  2448 | D:3      | Reached skill level 5 in Long Blades
  3406 | D:4      | Reached XP level 6. HP: 39/51 MP: 6/6
  3534 | D:4      | Reached skill level 6 in Long Blades
  3972 | D:4      | Noticed an ice beast
  4008 | D:4      | Killed an ice beast
  4008 | D:4      | Reached skill level 7 in Long Blades
  4008 | D:4      | Reached XP level 7. HP: 53/57 MP: 7/7
  4146 | D:5      | Entered Level 5 of the Dungeon
  4631 | D:5      | Reached skill level 1 in Invocations
  4937 | D:5      | Noticed a steam dragon
  4981 | D:5      | HP: 2/57 [steam dragon/ball of steam (21)]
  4982 | D:5      | Killed a steam dragon
  4982 | D:5      | Engulfed by a cloud of steam

Vault maps used:
D:1:      arrival_aquarium_a
D:2:      johnstein_pakellas_shop, uniq_robin
D:4:      minmay_temple_entry_grid, first_bread
D:5:      kennysheep_steamy
Temple:   grunt_wide_crystal_templ_18

Action                   |  1- 3 |  4- 6 |  7- 9 || total
-------------------------+-------+-------+-------++-------
Melee: Long sword        |    87 |   216 |   103 ||   406
  Eat: Chunk             |       |     8 |     2 ||    10
